%YAML 1.1
%TAG !u! tag:unity3d.com,2011:
--- !u!1 &357427699885374340
GameObject:
  m_ObjectHideFlags: 0
  m_CorrespondingSourceObject: {fileID: 0}
  m_PrefabInstance: {fileID: 0}
  m_PrefabAsset: {fileID: 0}
  serializedVersion: 6
  m_Component:
  - component: {fileID: 949960797372271547}
  m_Layer: 0
  m_Name: Brick
  m_TagString: Untagged
  m_Icon: {fileID: 0}
  m_NavMeshLayer: 0
  m_StaticEditorFlags: 0
  m_IsActive: 1
--- !u!4 &949960797372271547
Transform:
  m_ObjectHideFlags: 0
  m_CorrespondingSourceObject: {fileID: 0}
  m_PrefabInstance: {fileID: 0}
  m_PrefabAsset: {fileID: 0}
  m_GameObject: {fileID: 357427699885374340}
  m_LocalRotation: {x: 0, y: 0, z: 0, w: 1}
  m_LocalPosition: {x: 0, y: 0, z: 0}
  m_LocalScale: {x: 1, y: 1, z: 1}
  m_Children:
  - {fileID: 1031133033045721513}
  - {fileID: 3610758868022363153}
  - {fileID: 5262347974681842995}
  - {fileID: 901987554356417125}
  - {fileID: 7972478555224563240}
  - {fileID: 5834061054593348688}
  m_Father: {fileID: 0}
  m_RootOrder: 0
  m_LocalEulerAnglesHint: {x: 0, y: 0, z: 0}
--- !u!1001 &904054056542537113
PrefabInstance:
  m_ObjectHideFlags: 0
  serializedVersion: 2
  m_Modification:
    m_TransformParent: {fileID: 949960797372271547}
    m_Modifications:
    - target: {fileID: 4319677195278332, guid: d78becba7e7006946a740970c88e7830, type: 3}
      propertyPath: m_LocalPosition.x
      value: 0.53330004
      objectReference: {fileID: 0}
    - target: {fileID: 4319677195278332, guid: d78becba7e7006946a740970c88e7830, type: 3}
      propertyPath: m_LocalPosition.y
      value: -0.4877
      objectReference: {fileID: 0}
    - target: {fileID: 4319677195278332, guid: d78becba7e7006946a740970c88e7830, type: 3}
      propertyPath: m_LocalPosition.z
      value: 0
      objectReference: {fileID: 0}
    - target: {fileID: 4319677195278332, guid: d78becba7e7006946a740970c88e7830, type: 3}
      propertyPath: m_LocalRotation.x
      value: -0
      objectReference: {fileID: 0}
    - target: {fileID: 4319677195278332, guid: d78becba7e7006946a740970c88e7830, type: 3}
      propertyPath: m_LocalRotation.y
      value: -0
      objectReference: {fileID: 0}
    - target: {fileID: 4319677195278332, guid: d78becba7e7006946a740970c88e7830, type: 3}
      propertyPath: m_LocalRotation.z
      value: -0
      objectReference: {fileID: 0}
    - target: {fileID: 4319677195278332, guid: d78becba7e7006946a740970c88e7830, type: 3}
      propertyPath: m_LocalRotation.w
      value: 1
      objectReference: {fileID: 0}
    - target: {fileID: 4319677195278332, guid: d78becba7e7006946a740970c88e7830, type: 3}
      propertyPath: m_RootOrder
      value: 3
      objectReference: {fileID: 0}
    - target: {fileID: 4319677195278332, guid: d78becba7e7006946a740970c88e7830, type: 3}
      propertyPath: m_LocalScale.y
      value: 0.3048045
      objectReference: {fileID: 0}
    - target: {fileID: 4319677195278332, guid: d78becba7e7006946a740970c88e7830, type: 3}
      propertyPath: m_LocalScale.x
      value: 0.2500372
      objectReference: {fileID: 0}
    - target: {fileID: 212970687834873834, guid: d78becba7e7006946a740970c88e7830,
        type: 3}
      propertyPath: m_SortingOrder
      value: -8
      objectReference: {fileID: 0}
    m_RemovedComponents: []
  m_SourcePrefab: {fileID: 100100000, guid: d78becba7e7006946a740970c88e7830, type: 3}
--- !u!4 &901987554356417125 stripped
Transform:
  m_CorrespondingSourceObject: {fileID: 4319677195278332, guid: d78becba7e7006946a740970c88e7830,
    type: 3}
  m_PrefabInstance: {fileID: 904054056542537113}
  m_PrefabAsset: {fileID: 0}
--- !u!1001 &1035755105873011981
PrefabInstance:
  m_ObjectHideFlags: 0
  serializedVersion: 2
  m_Modification:
    m_TransformParent: {fileID: 949960797372271547}
    m_Modifications:
    - target: {fileID: 4767208362681508, guid: 4e2c774b27f4e5542b0e7619fd165b9b, type: 3}
      propertyPath: m_LocalPosition.x
      value: 0.7927
      objectReference: {fileID: 0}
    - target: {fileID: 4767208362681508, guid: 4e2c774b27f4e5542b0e7619fd165b9b, type: 3}
      propertyPath: m_LocalPosition.y
      value: -0.48759997
      objectReference: {fileID: 0}
    - target: {fileID: 4767208362681508, guid: 4e2c774b27f4e5542b0e7619fd165b9b, type: 3}
      propertyPath: m_LocalPosition.z
      value: 0
      objectReference: {fileID: 0}
    - target: {fileID: 4767208362681508, guid: 4e2c774b27f4e5542b0e7619fd165b9b, type: 3}
      propertyPath: m_LocalRotation.x
      value: -0
      objectReference: {fileID: 0}
    - target: {fileID: 4767208362681508, guid: 4e2c774b27f4e5542b0e7619fd165b9b, type: 3}
      propertyPath: m_LocalRotation.y
      value: -0
      objectReference: {fileID: 0}
    - target: {fileID: 4767208362681508, guid: 4e2c774b27f4e5542b0e7619fd165b9b, type: 3}
      propertyPath: m_LocalRotation.z
      value: -0
      objectReference: {fileID: 0}
    - target: {fileID: 4767208362681508, guid: 4e2c774b27f4e5542b0e7619fd165b9b, type: 3}
      propertyPath: m_LocalRotation.w
      value: 1
      objectReference: {fileID: 0}
    - target: {fileID: 4767208362681508, guid: 4e2c774b27f4e5542b0e7619fd165b9b, type: 3}
      propertyPath: m_RootOrder
      value: 0
      objectReference: {fileID: 0}
    - target: {fileID: 4767208362681508, guid: 4e2c774b27f4e5542b0e7619fd165b9b, type: 3}
      propertyPath: m_LocalScale.y
      value: 0.3048045
      objectReference: {fileID: 0}
    - target: {fileID: 4767208362681508, guid: 4e2c774b27f4e5542b0e7619fd165b9b, type: 3}
      propertyPath: m_LocalScale.x
      value: 0.2500372
      objectReference: {fileID: 0}
    - target: {fileID: 212020826366012076, guid: 4e2c774b27f4e5542b0e7619fd165b9b,
        type: 3}
      propertyPath: m_SortingOrder
      value: -8
      objectReference: {fileID: 0}
    m_RemovedComponents: []
  m_SourcePrefab: {fileID: 100100000, guid: 4e2c774b27f4e5542b0e7619fd165b9b, type: 3}
--- !u!4 &1031133033045721513 stripped
Transform:
  m_CorrespondingSourceObject: {fileID: 4767208362681508, guid: 4e2c774b27f4e5542b0e7619fd165b9b,
    type: 3}
  m_PrefabInstance: {fileID: 1035755105873011981}
  m_PrefabAsset: {fileID: 0}
--- !u!1001 &3606177984363035269
PrefabInstance:
  m_ObjectHideFlags: 0
  serializedVersion: 2
  m_Modification:
    m_TransformParent: {fileID: 949960797372271547}
    m_Modifications:
    - target: {fileID: 4584733318741652, guid: b741eb79b2ba30f4db2f9b1aa4b669a9, type: 3}
      propertyPath: m_LocalPosition.x
      value: 0.7926
      objectReference: {fileID: 0}
    - target: {fileID: 4584733318741652, guid: b741eb79b2ba30f4db2f9b1aa4b669a9, type: 3}
      propertyPath: m_LocalPosition.y
      value: -0.39600003
      objectReference: {fileID: 0}
    - target: {fileID: 4584733318741652, guid: b741eb79b2ba30f4db2f9b1aa4b669a9, type: 3}
      propertyPath: m_LocalPosition.z
      value: 0
      objectReference: {fileID: 0}
    - target: {fileID: 4584733318741652, guid: b741eb79b2ba30f4db2f9b1aa4b669a9, type: 3}
      propertyPath: m_LocalRotation.x
      value: -0
      objectReference: {fileID: 0}
    - target: {fileID: 4584733318741652, guid: b741eb79b2ba30f4db2f9b1aa4b669a9, type: 3}
      propertyPath: m_LocalRotation.y
      value: -0
      objectReference: {fileID: 0}
    - target: {fileID: 4584733318741652, guid: b741eb79b2ba30f4db2f9b1aa4b669a9, type: 3}
      propertyPath: m_LocalRotation.z
      value: -0
      objectReference: {fileID: 0}
    - target: {fileID: 4584733318741652, guid: b741eb79b2ba30f4db2f9b1aa4b669a9, type: 3}
      propertyPath: m_LocalRotation.w
      value: 1
      objectReference: {fileID: 0}
    - target: {fileID: 4584733318741652, guid: b741eb79b2ba30f4db2f9b1aa4b669a9, type: 3}
      propertyPath: m_RootOrder
      value: 1
      objectReference: {fileID: 0}
    - target: {fileID: 4584733318741652, guid: b741eb79b2ba30f4db2f9b1aa4b669a9, type: 3}
      propertyPath: m_LocalScale.x
      value: 0.2500372
      objectReference: {fileID: 0}
    - target: {fileID: 4584733318741652, guid: b741eb79b2ba30f4db2f9b1aa4b669a9, type: 3}
      propertyPath: m_LocalScale.y
      value: 0.3048045
      objectReference: {fileID: 0}
    - target: {fileID: 212580497021220346, guid: b741eb79b2ba30f4db2f9b1aa4b669a9,
        type: 3}
      propertyPath: m_SortingOrder
      value: -8
      objectReference: {fileID: 0}
    m_RemovedComponents: []
  m_SourcePrefab: {fileID: 100100000, guid: b741eb79b2ba30f4db2f9b1aa4b669a9, type: 3}
--- !u!4 &3610758868022363153 stripped
Transform:
  m_CorrespondingSourceObject: {fileID: 4584733318741652, guid: b741eb79b2ba30f4db2f9b1aa4b669a9,
    type: 3}
  m_PrefabInstance: {fileID: 3606177984363035269}
  m_PrefabAsset: {fileID: 0}
--- !u!1001 &5262677846699146879
PrefabInstance:
  m_ObjectHideFlags: 0
  serializedVersion: 2
  m_Modification:
    m_TransformParent: {fileID: 949960797372271547}
    m_Modifications:
    - target: {fileID: 4314502698478412, guid: 8157946763c66e3458f98b97092b393e, type: 3}
      propertyPath: m_LocalPosition.x
      value: 0.53330004
      objectReference: {fileID: 0}
    - target: {fileID: 4314502698478412, guid: 8157946763c66e3458f98b97092b393e, type: 3}
      propertyPath: m_LocalPosition.y
      value: -0.39600003
      objectReference: {fileID: 0}
    - target: {fileID: 4314502698478412, guid: 8157946763c66e3458f98b97092b393e, type: 3}
      propertyPath: m_LocalPosition.z
      value: 0
      objectReference: {fileID: 0}
    - target: {fileID: 4314502698478412, guid: 8157946763c66e3458f98b97092b393e, type: 3}
      propertyPath: m_LocalRotation.x
      value: -0
      objectReference: {fileID: 0}
    - target: {fileID: 4314502698478412, guid: 8157946763c66e3458f98b97092b393e, type: 3}
      propertyPath: m_LocalRotation.y
      value: -0
      objectReference: {fileID: 0}
    - target: {fileID: 4314502698478412, guid: 8157946763c66e3458f98b97092b393e, type: 3}
      propertyPath: m_LocalRotation.z
      value: -0
      objectReference: {fileID: 0}
    - target: {fileID: 4314502698478412, guid: 8157946763c66e3458f98b97092b393e, type: 3}
      propertyPath: m_LocalRotation.w
      value: 1
      objectReference: {fileID: 0}
    - target: {fileID: 4314502698478412, guid: 8157946763c66e3458f98b97092b393e, type: 3}
      propertyPath: m_RootOrder
      value: 2
      objectReference: {fileID: 0}
    - target: {fileID: 4314502698478412, guid: 8157946763c66e3458f98b97092b393e, type: 3}
      propertyPath: m_LocalScale.y
      value: 0.3048045
      objectReference: {fileID: 0}
    - target: {fileID: 4314502698478412, guid: 8157946763c66e3458f98b97092b393e, type: 3}
      propertyPath: m_LocalScale.x
      value: 0.2500372
      objectReference: {fileID: 0}
    - target: {fileID: 212470683424298392, guid: 8157946763c66e3458f98b97092b393e,
        type: 3}
      propertyPath: m_SortingOrder
      value: -8
      objectReference: {fileID: 0}
    m_RemovedComponents: []
  m_SourcePrefab: {fileID: 100100000, guid: 8157946763c66e3458f98b97092b393e, type: 3}
--- !u!4 &5262347974681842995 stripped
Transform:
  m_CorrespondingSourceObject: {fileID: 4314502698478412, guid: 8157946763c66e3458f98b97092b393e,
    type: 3}
  m_PrefabInstance: {fileID: 5262677846699146879}
  m_PrefabAsset: {fileID: 0}
--- !u!1001 &5829404624931731414
PrefabInstance:
  m_ObjectHideFlags: 0
  serializedVersion: 2
  m_Modification:
    m_TransformParent: {fileID: 949960797372271547}
    m_Modifications:
    - target: {fileID: 1249395093831682, guid: 173cd8edcfcd09f4f9386822b4a83de1, type: 3}
      propertyPath: m_Name
      value: Medieval_props_310 (1)
      objectReference: {fileID: 0}
    - target: {fileID: 4656433990271878, guid: 173cd8edcfcd09f4f9386822b4a83de1, type: 3}
      propertyPath: m_LocalPosition.x
      value: 0.663
      objectReference: {fileID: 0}
    - target: {fileID: 4656433990271878, guid: 173cd8edcfcd09f4f9386822b4a83de1, type: 3}
      propertyPath: m_LocalPosition.y
      value: -0.4421
      objectReference: {fileID: 0}
    - target: {fileID: 4656433990271878, guid: 173cd8edcfcd09f4f9386822b4a83de1, type: 3}
      propertyPath: m_LocalPosition.z
      value: 0
      objectReference: {fileID: 0}
    - target: {fileID: 4656433990271878, guid: 173cd8edcfcd09f4f9386822b4a83de1, type: 3}
      propertyPath: m_LocalRotation.x
      value: -0
      objectReference: {fileID: 0}
    - target: {fileID: 4656433990271878, guid: 173cd8edcfcd09f4f9386822b4a83de1, type: 3}
      propertyPath: m_LocalRotation.y
      value: -0
      objectReference: {fileID: 0}
    - target: {fileID: 4656433990271878, guid: 173cd8edcfcd09f4f9386822b4a83de1, type: 3}
      propertyPath: m_LocalRotation.z
      value: -0
      objectReference: {fileID: 0}
    - target: {fileID: 4656433990271878, guid: 173cd8edcfcd09f4f9386822b4a83de1, type: 3}
      propertyPath: m_LocalRotation.w
      value: 1
      objectReference: {fileID: 0}
    - target: {fileID: 4656433990271878, guid: 173cd8edcfcd09f4f9386822b4a83de1, type: 3}
      propertyPath: m_RootOrder
      value: 5
      objectReference: {fileID: 0}
    - target: {fileID: 4656433990271878, guid: 173cd8edcfcd09f4f9386822b4a83de1, type: 3}
      propertyPath: m_LocalScale.y
      value: 0.18281955
      objectReference: {fileID: 0}
    - target: {fileID: 4656433990271878, guid: 173cd8edcfcd09f4f9386822b4a83de1, type: 3}
      propertyPath: m_LocalScale.x
      value: 1.0501845
      objectReference: {fileID: 0}
    - target: {fileID: 212056690624518832, guid: 173cd8edcfcd09f4f9386822b4a83de1,
        type: 3}
      propertyPath: m_SortingOrder
      value: -8
      objectReference: {fileID: 0}
    m_RemovedComponents: []
  m_SourcePrefab: {fileID: 100100000, guid: 173cd8edcfcd09f4f9386822b4a83de1, type: 3}
--- !u!4 &5834061054593348688 stripped
Transform:
  m_CorrespondingSourceObject: {fileID: 4656433990271878, guid: 173cd8edcfcd09f4f9386822b4a83de1,
    type: 3}
  m_PrefabInstance: {fileID: 5829404624931731414}
  m_PrefabAsset: {fileID: 0}
--- !u!1001 &7976829320502795694
PrefabInstance:
  m_ObjectHideFlags: 0
  serializedVersion: 2
  m_Modification:
    m_TransformParent: {fileID: 949960797372271547}
    m_Modifications:
    - target: {fileID: 4656433990271878, guid: 173cd8edcfcd09f4f9386822b4a83de1, type: 3}
      propertyPath: m_LocalPosition.x
      value: 0.6623
      objectReference: {fileID: 0}
    - target: {fileID: 4656433990271878, guid: 173cd8edcfcd09f4f9386822b4a83de1, type: 3}
      propertyPath: m_LocalPosition.y
      value: -0.4419
      objectReference: {fileID: 0}
    - target: {fileID: 4656433990271878, guid: 173cd8edcfcd09f4f9386822b4a83de1, type: 3}
      propertyPath: m_LocalPosition.z
      value: 0
      objectReference: {fileID: 0}
    - target: {fileID: 4656433990271878, guid: 173cd8edcfcd09f4f9386822b4a83de1, type: 3}
      propertyPath: m_LocalRotation.x
      value: -0
      objectReference: {fileID: 0}
    - target: {fileID: 4656433990271878, guid: 173cd8edcfcd09f4f9386822b4a83de1, type: 3}
      propertyPath: m_LocalRotation.y
      value: -0
      objectReference: {fileID: 0}
    - target: {fileID: 4656433990271878, guid: 173cd8edcfcd09f4f9386822b4a83de1, type: 3}
      propertyPath: m_LocalRotation.z
      value: -0
      objectReference: {fileID: 0}
    - target: {fileID: 4656433990271878, guid: 173cd8edcfcd09f4f9386822b4a83de1, type: 3}
      propertyPath: m_LocalRotation.w
      value: 1
      objectReference: {fileID: 0}
    - target: {fileID: 4656433990271878, guid: 173cd8edcfcd09f4f9386822b4a83de1, type: 3}
      propertyPath: m_RootOrder
      value: 4
      objectReference: {fileID: 0}
    - target: {fileID: 4656433990271878, guid: 173cd8edcfcd09f4f9386822b4a83de1, type: 3}
      propertyPath: m_LocalScale.y
      value: 0.71362525
      objectReference: {fileID: 0}
    - target: {fileID: 4656433990271878, guid: 173cd8edcfcd09f4f9386822b4a83de1, type: 3}
      propertyPath: m_LocalScale.x
      value: 0.73540354
      objectReference: {fileID: 0}
    - target: {fileID: 212056690624518832, guid: 173cd8edcfcd09f4f9386822b4a83de1,
        type: 3}
      propertyPath: m_SortingOrder
      value: -8
      objectReference: {fileID: 0}
    m_RemovedComponents: []
  m_SourcePrefab: {fileID: 100100000, guid: 173cd8edcfcd09f4f9386822b4a83de1, type: 3}
--- !u!4 &7972478555224563240 stripped
Transform:
  m_CorrespondingSourceObject: {fileID: 4656433990271878, guid: 173cd8edcfcd09f4f9386822b4a83de1,
    type: 3}
  m_PrefabInstance: {fileID: 7976829320502795694}
  m_PrefabAsset: {fileID: 0}
